 Dungeon Crawl Stone Soup version 0.14-a0-2618-g5301534 (webtiles) character file.

231 4tharraofdagon the Ducker (level 5, -4/32 HPs)
             Began as a Kobold Gladiator on Feb 14, 2014.
             Was an Initiate of Dithmenos.
             Killed from afar by an orc wizard (5 damage)
             ... with a magic dart
             ... on Level 3 of the Dungeon.
             The game lasted 00:06:41 (1290 turns).

4tharraofdagon the Ducker (Kobold Gladiator)        Turns: 1290, Time: 00:06:41

HP  -4/32        AC  9     Str 15      XL: 5   Next: 20%
MP   5/5         EV  8     Int  9      God: Dithmenos [......]
Gold 115         SH  0     Dex 16      Spells:  0 memorised,  4 levels left

rFire  . . .     SeeInvis .     a - +0 quarterstaff
rCold  . . .     Clarity  .     v - +0 orc chain mail
rNeg   . . .     Conserve .     (no shield)
rPois  +         rCorr    .     c - +0 helmet
rElec  .         rRot     .     (no cloak)
SustAb . .       Spirit   .     (no gloves)
rMut   .         Warding  .     (no boots)
Saprov + + .     Stasis   .     (no amulet)
MR     .....                    u - ring of poison resistance
                                m - cursed -2 ring of intelligence

@: brilliant, very slightly contaminated, hasted, very quick, not resistant to
hostile enchantments, extremely unstealthy
A: disease resistance, carnivore 3, sense surroundings 1, saprovore 2
a: Renounce Religion


You were on level 3 of the Dungeon.
You worshipped Dithmenos.
Dithmenos was noncommittal.
You were very full.

You visited 1 branch of the dungeon, and saw 4 of its levels.

You collected 115 gold pieces.

Inventory:

Hand weapons
 a - a +0,+0 quarterstaff (weapon)
Missiles
 d - a throwing net [torn]
 e - 28 stones
 n - a throwing net [frayed]
 p - 4 poisoned darts
 w - 3 throwing nets (quivered)
Armour
 b - a +0 leather armour
 c - a +0 helmet (worn)
 i - a +0 ring mail
 v - a +0 orcish chain mail (worn)
Comestibles
 f - 3 meat rations
Scrolls
 g - a scroll of blinking {unknown}
 h - 4 scrolls of remove curse {unknown}
 j - a scroll of noise {unknown}
 k - a scroll of fear {unknown}
 l - a scroll of enchant weapon II {unknown}
 o - 2 scrolls of identify {unknown}
 s - 3 scrolls of curse jewellery {unknown}
 t - a scroll of enchant armour {unknown}
Jewellery
 m - a cursed -2 ring of intelligence (left hand)
 u - a ring of poison resistance (right hand)
Potions
 q - a potion of curing
 r - a potion of speed


   Skills:
 + Level 3.0 Fighting
 * Level 3.8 Staves
 - Level 2.6 Throwing
 + Level 1.2 Armour
 + Level 4.3 Dodging


You had 4 spell levels left.
You didn't know any spells.

Dungeon Overview and Level Annotations

Branches:
Dungeon (4/16)
 Temple: D:4-7

Altars:
Dithmenos

Annotations:
D:3 Moksha's ghost, average DrMo
D:4 mopl's ghost, experienced DsTm


Innate Abilities, Weirdness & Mutations

You recuperate from illness quickly.
You are small and have problems with some larger weapons.
You are carnivorous and can eat meat at any time.
You can eat rotten meat.
You passively map a small area around you.


Message History

Unknown command.
You completely miss the orc.
The orc is heavily wounded.
The orc wizard casts a spell at you. The puff of frost misses you.
The orc hits you with an orcish dagger.
* * * LOW HITPOINT WARNING * * *
Unknown command.
Unknown command.
The orc wizard gestures at you while chanting.
The puff of frost hits you!
Unknown command.
Unknown command.
The orc wizard looks braver.
Unknown command.
Unknown command.
The orc wizard casts a spell.
The orc wizard seems to speed up.
The orc wizard points at you and mumbles some strange words.
The magic dart hits you!
You die...

######################
,
...........o..o..o.....
,
..##.....o..o.####....
. ,.....##...####.w.#
#...o *
#..........##.@.# #...#
#...o *
#..........##...# #...#
#.... #..........##...#
#...# #....
#..........##...# #...#
#....
###..........##...#
#...# #....
.............##...#
#...# #....
.............##...#
#...# #....
..................# ..#
#.).)
.##...............#
#.[##


You could see an orc wizard.

Vanquished Creatures
  An orc wizard (D:3)
  3 adders
  A giant mite (D:2)
  A giant gecko (D:2)
  7 orcs (D:3)
  6 bats
  6 hobgoblins
  4 kobolds
  A quokka (D:3)
  2 giant cockroaches
  A giant newt (D:2)
  4 goblins
  2 jackals (D:3)
  7 rats
46 creatures vanquished.

Notes
Turn   | Place    | Note
--------------------------------------------------------------
     0 | D:1      | 4tharraofdagon, the Kobold Gladiator, began the quest for the Orb.
     0 | D:1      | Reached XP level 1. HP: 12/12 MP: 1/1
     4 | D:1      | Gained mutation: You passively map a small area around you. [potion of beneficial mutation]
   239 | D:2      | Reached XP level 2. HP: 13/18 MP: 2/2
   288 | D:1      | You fall through a shaft!
   307 | D:2      | Reached XP level 3. HP: 17/22 MP: 3/3
   511 | D:2      | Found a shadowy altar of Dithmenos.
   518 | D:2      | Reached skill level 4 in Dodging
   523 | D:2      | Became a worshipper of Dithmenos
   698 | D:3      | Noticed Moksha's ghost (average DrMo)
   706 | D:2      | Reached XP level 4. HP: 15/27 MP: 4/4
   849 | D:4      | Noticed mopl's ghost (experienced DsTm)
  1060 | D:3      | Reached skill level 1 in Armour
  1258 | D:3      | Reached XP level 5. HP: 20/32 MP: 5/5
  1282 | D:3      | HP: 1/32 [orc/orcish dagger (4)]
  1290 | D:3      | Killed from afar by an orc wizard

Action                   |  1- 3 |  4- 6 || total
-------------------------+-------+-------++-------
Melee: Quarterstaff      |    92 |    65 ||   157
Throw: Throwing net      |     2 |     7 ||     9
  Use: Potion            |     5 |     3 ||     8
 Stab: Held in net/web   |     1 |     1 ||     2
